Map: [ESL] Alcyone

Players

Aristori - Winner!

  • Race: Zerg Zerg
  • Spawn Location: 7:00

PtitDrogo

  • Race: Protoss Protoss
  • Spawn Location: 1:00

Event: ESL SC2 Masters 2024 Spring (Regional)

VOD

Have the link to the VOD?

Description

Time

  • Played on: April 17, 2024, 12:30 p.m.
  • Length: 16:12

All games in this series

Show
View Real Time Build Order
Export as new Build Order

Aristori Zerg - Winner!

Build Orders: Hatch First, Lurkers 

Get SALT Encoding   

  12  0:00  Drone  
  13  0:12  Overlord  
  13  0:16  Drone  
  14  0:31  Drone x2  
  16  0:45  Drone  
  17  0:51  Hatchery  
  17  0:56  Drone  
  17  0:57  Drone  
  18  1:09  Extractor  
  17  1:13  Spawning Pool  
  17  1:16  Drone  
  17  1:20  Drone  
  18  1:27  Drone  
  19  1:42  Drone  
  20  1:49  Overlord  
  20  2:00  Queen  
  22  2:02  Queen  
  22  2:03  Drone  
  22  2:04  Zergling x2  
  26  2:10  Zergling x2  
  26  2:13  Metabolic Boost  
  26  2:14  Drone  
  28  2:21  Drone  
  29  2:24  Drone  
  30  2:34  Drone  
  31  2:38  Queen  
  31  2:43  Hatchery  
  32  2:48  Overlord  
  32  2:50  Drone  
  32  2:51  Drone  
  34  2:56  Zergling x2  
  35  3:06  Drone  
  35  3:08  Queen  
  35  3:10  Drone  
  35  3:11  Drone x2  
  41  3:13  Overlord  
  41  3:20  Queen  
  41  3:26  Overlord  
  43  3:27  Drone  
  43  3:33  Drone x3  
  47  3:43  Spore Crawler  
  47  3:44  Queen  
  47  3:45  Drone  
  47  3:46  Drone x2  
  51  3:50  Drone  
  51  3:51  Drone x2  
  52  4:04  Queen  
  52  4:06  Drone x4  
  58  4:16  Drone x5  
  63  4:25  Overlord  
  62  4:31  Drone x3  
  62  4:32  Drone  
  66  4:40  Overlord  
  66  4:41  Roach Warren  
  66  4:45  Overlord x2, Drone  
  65  4:46  Drone x3  
  65  4:48  Evolution Chamber  
  65  4:50  Spore Crawler  
  65  4:51  Spore Crawler  
  66  4:53  Drone  
  66  4:54  Drone x3  
  70  5:02  Overlord  
  70  5:09  Hatchery  
  70  5:12  Lair  
  70  5:14  Extractor, Zerg Missile Weapons Level 1  
  69  5:15  Extractor  
  69  5:17  Drone x4  
  71  5:25  Drone  
  71  5:26  Drone x6  
  78  5:33  Extractor  
  78  5:34  Extractor  
  76  5:35  Drone  
  76  5:36  Drone x6  
  83  5:44  Roach x4  
  91  5:52  Roach x3  
  96  6:05  Zergling x16  
  96  6:07  Ravager  
  96  6:08  Overlord x2  
  105  6:12  Glial Reconstitution  
  105  6:14  Overlord  
  105  6:20  Spore Crawler  
  105  6:23  Zergling x14  
  111  6:27  Drone x2  
  111  6:29  Ravager x5  
  118  6:33  Drone x5  
  118  6:35  Queen  
  125  6:43  Infestation Pit, Extractor  
  125  6:44  Drone x7  
  125  6:45  Hydralisk Den  
  129  6:56  Overlord  
  129  7:00  Drone x9  
  135  7:01  Extractor  
  135  7:04  Extractor  
  133  7:10  Zerg Missile Weapons Level 2  
  133  7:12  Hatchery  
  133  7:13  Evolution Chamber, Overlord x2  
  131  7:21  Hive  
  131  7:24  Lurker Den  
  131  7:25  Hydralisk x3  
  131  7:28  Overseer  
  136  7:35  Hydralisk x3  
  135  7:37  Overseer  
  135  7:47  Hydralisk  
  135  7:48  Hydralisk x3  
  143  7:56  Zerg Melee Weapons Level 1  
  143  7:58  Muscular Augments  
  143  7:59  Hydralisk  
  143  8:01  Zergling x28  
  159  8:16  Overlord  
  159  8:17  Overlord x3  
  159  8:19  Overlord  
  159  8:27  Overseer  
  159  8:29  Nydus Network  
  158  8:35  Seismic Spines  
  158  8:37  Drone x5  
  163  8:43  Hydralisk x7  
  163  8:44  Hydralisk  
  179  8:51  Pneumatized Carapace  
  179  8:53  Spore Crawler  
  179  8:55  Spore Crawler  
  177  9:02  Grooved Spines  
  177  9:05  Lurker x4  
  180  9:11  Zergling x30  
  180  9:12  Zergling x10  
  199  9:20  Extractor  
  199  9:22  Adrenal Glands  
  190  9:27  Lurker  
  190  9:28  Lurker x2  
  193  9:32  Adaptive Talons  
  193  9:33  Lurker  
  194  9:42  Zergling x2  
  194  9:43  Zergling x20  
  196  9:51  Zerg Missile Weapons Level 3, Zerg Melee Weapons Level 2  
  191  10:01  Nydus Canal  
  191  10:04  Hydralisk x5  
  199  10:14  Lurker  
  194  10:26  Hydralisk x2  
  194  10:27  Hydralisk x7  
  195  10:31  Zergling x42  
  193  10:38  Zergling x4  
  193  10:40  Overlord  
  190  10:45  Overlord  
  176  10:50  Hydralisk x7  
  176  10:52  Overlord  
  169  10:58  Zergling x4  
  169  10:59  Zergling x4  
  166  11:09  Hydralisk x4  
  141  11:18  Hydralisk  
  141  11:19  Hydralisk x5  
  150  11:28  Drone  
  151  11:35  Hatchery  
  151  11:36  Lurker  
  151  11:37  Lurker x7  
  158  11:41  Lurker  
  159  11:47  Lurker  
  159  11:50  Overlord  
  159  11:53  Hydralisk  
  159  11:54  Hydralisk x3  
  164  12:07  Hydralisk x6  
  167  12:18  Overseer  
  165  12:29  Hydralisk x9  
  175  12:38  Lurker  
  175  12:39  Lurker  
  175  12:40  Zergling x14  
  179  12:45  Overseer  
  178  13:01  Zergling x16  
  168  13:08  Hydralisk x7  
  156  13:14  Zergling x2  
  156  13:15  Zergling x8  
  160  13:25  Hydralisk x7  
  174  13:35  Lurker x4  
  174  13:37  Zergling x10  
  181  13:41  Overseer  
  181  13:47  Lurker x2  
  179  13:50  Zergling x18  
  179  13:53  Nydus Canal  
  188  14:11  Hydralisk x6  
  198  14:19  Hydralisk  
  198  14:20  Hydralisk x6  
  176  14:31  Hydralisk x6  
  188  14:39  Hydralisk  
  190  14:49  Hydralisk  
  190  14:50  Hydralisk x3  
  170  15:11  Hydralisk  
  170  15:12  Hydralisk x12  
  196  15:14  Overseer  
  196  15:17  Zergling x4  
  196  15:18  Zergling x12  
  198  15:28  Drone x5  
  199  15:34  Overlord  
Show
View Real Time Build Order
Export as new Build Order

PtitDrogo Protoss 

Build Orders: 1 Gate Expand, Oracle Opening, Carriers, Zealot Archon 

Get SALT Encoding   

  12  0:07  Probe  
  13  0:19  Probe  
  13  0:20  Pylon  
  14  0:31  Probe (Chrono Boost)  
  15  0:41  Gateway  
  16  0:43  Probe (Chrono Boost)  
  16  0:48  Probe (Chrono Boost)  
  17  0:52  Assimilator  
  17  0:57  Probe  
  18  1:09  Probe  
  19  1:21  Probe  
  20  1:30  Nexus  
  20  1:40  Cybernetics Core  
  20  1:42  Probe  
  21  1:50  Assimilator  
  21  1:54  Probe  
  21  1:57  Pylon  
  22  2:06  Probe  
  23  2:13  Adept (Chrono Boost)  
  23  2:19  Probe  
  26  2:23  Stargate  
  26  2:30  Warp Gate  
  26  2:31  Probe (Chrono Boost)  
  26  2:36  Adept  
  29  2:42  Probe (Chrono Boost)  
  31  2:49  Probe (Chrono Boost)  
  32  2:51  Probe (Chrono Boost)  
  32  2:56  Probe x2 (Chrono Boost)  
  34  3:05  Oracle (Chrono Boost)  
  34  3:07  Probe  
  34  3:10  Probe  
  39  3:16  Pylon, Gateway  
  39  3:19  Pylon  
  39  3:20  Probe  
  39  3:23  Probe  
  41  3:32  Oracle (Chrono Boost)  
  41  3:33  Probe  
  42  3:35  Probe  
  46  3:46  Probe  
  46  3:47  Probe  
  48  3:54  Nexus  
  48  4:00  Probe x2 (Chrono Boost)  
  50  4:05  Pylon  
  50  4:07  Oracle  
  53  4:12  Probe (Chrono Boost)  
  53  4:17  Assimilator  
  55  4:18  Assimilator, Probe (Chrono Boost)  
  55  4:19  Pylon  
  55  4:21  Probe (Chrono Boost)  
  55  4:24  Adept  
  58  4:25  Probe (Chrono Boost)  
  58  4:27  Probe  
  60  4:36  Probe  
  61  4:39  Twilight Council, Probe  
  61  4:40  Forge  
  62  4:47  Zealot x2  
  62  4:49  Probe  
  62  4:50  Robotics Facility  
  67  4:53  Probe (Chrono Boost)  
  67  4:59  Shield Battery  
  68  5:02  Probe (Chrono Boost)  
  68  5:04  Pylon  
  68  5:05  Probe (Chrono Boost)  
  71  5:12  Probe (Chrono Boost)  
  71  5:13  Probe (Chrono Boost)  
  73  5:14  Probe (Chrono Boost)  
  73  5:15  Protoss Ground Weapons Level 1 (Chrono Boost)  
  73  5:17  Charge  
  73  5:18  Probe (Chrono Boost)  
  76  5:21  Probe x2 (Chrono Boost)  
  76  5:27  Templar Archives  
  76  5:28  Probe (Chrono Boost)  
  77  5:29  Probe (Chrono Boost)  
  77  5:31  Probe (Chrono Boost)  
  77  5:33  Probe (Chrono Boost)  
  77  5:35  Observer  
  80  5:36  Probe  
  80  5:41  Probe  
  83  5:43  Assimilator x2  
  83  5:44  Probe  
  83  5:45  Gateway x2  
  83  5:48  Probe, Gateway  
  85  5:53  Probe  
  85  5:54  Gateway  
  85  5:56  Probe  
  87  6:00  Probe  
  87  6:02  Immortal (Chrono Boost)  
  90  6:05  Probe  
  90  6:08  Probe  
  94  6:12  Probe  
  94  6:13  High Templar x2  
  94  6:17  Photon Cannon, Probe  
  94  6:18  Pylon  
  100  6:19  Pylon  
  100  6:20  Gateway  
  100  6:23  Psionic Storm, Gateway  
  100  6:28  Probe  
  101  6:35  Pylon  
  101  6:38  Immortal  
  105  6:40  Pylon  
  105  6:44  Nexus  
  105  6:48  Zealot x2  
  105  6:50  High Templar x2  
  113  6:55  Archon  
  113  7:01  Phoenix (Chrono Boost), Probe  
  113  7:03  Probe  
  113  7:04  Photon Cannon  
  113  7:05  Photon Cannon  
  113  7:06  Photon Cannon  
  113  7:07  Probe  
  113  7:08  High Templar x2  
  122  7:12  Photon Cannon  
  122  7:14  Probe  
  123  7:17  Zealot x3  
  123  7:19  Probe  
  123  7:21  Phoenix  
  131  7:24  Protoss Ground Weapons Level 2 (Chrono Boost)  
  131  7:29  Probe  
  132  7:32  Photon Cannon  
  132  7:33  Shield Battery  
  132  7:35  Probe  
  131  7:42  Probe  
  132  7:45  Probe  
  133  7:51  Pylon  
  133  7:53  Assimilator  
  133  7:55  Assimilator  
  133  7:56  High Templar x2, Immortal, Probe x2  
  133  7:57  Zealot x2, Probe  
  148  8:02  Archon  
  148  8:07  Pylon  
  148  8:09  Probe x4  
  148  8:10  Gateway  
  148  8:12  Gateway  
  152  8:13  Blink (Chrono Boost)  
  152  8:14  Gateway  
  152  8:16  Pylon  
  152  8:22  Pylon, Probe  
  152  8:24  Pylon  
  152  8:26  Gateway  
  153  8:29  Pylon  
  153  8:31  High Templar  
  153  8:32  High Templar x2  
  159  8:37  Warp Prism (Chrono Boost)  
  159  8:39  Archon  
  161  8:46  Pylon  
  161  8:48  Gateway  
  161  8:53  Gateway  
  161  8:54  Pylon x2  
  161  9:02  Observer  
  161  9:03  Nexus  
  161  9:06  Photon Cannon  
  161  9:07  Photon Cannon  
  161  9:09  Photon Cannon  
  161  9:10  Shield Battery  
  161  9:12  High Templar x6  
  161  9:13  Zealot x2, High Templar  
  161  9:14  Zealot x2  
  161  9:15  Unknown  
  161  9:16  Archon  
  161  9:17  Archon x2  
  183  9:18  Observer (Chrono Boost)  
  174  9:36  Zealot x4  
  180  9:46  Zealot x5  
  169  10:09  Zealot x10  
  189  10:15  Zealot  
  191  10:22  Protoss Ground Weapons Level 3  
  164  10:34  Zealot x10  
  150  10:43  Archon  
  136  11:10  Zealot x10  
  148  11:12  Pylon  
  134  11:20  Probe x3  
  134  11:21  Probe  
  124  11:31  High Templar x4  
  124  11:32  Zealot x8  
  148  11:33  Probe  
  148  11:37  Fleet Beacon  
  149  11:41  Assimilator  
  149  11:42  Pylon  
  149  11:43  Stargate x2  
  149  11:46  Protoss Air Weapons Level 1 (Chrono Boost)  
  149  11:51  Photon Cannon  
  149  11:52  Probe x4  
  154  11:58  High Templar x5  
  154  11:59  High Templar x3  
  167  12:02  Archon x2  
  167  12:03  Archon x2  
  167  12:04  Probe x3  
  170  12:14  Zealot x4  
  164  12:29  Nexus  
  150  12:30  Zealot  
  150  12:31  Zealot x2, Photon Cannon  
  150  12:32  Zealot x3, Photon Cannon  
  150  12:33  Shield Battery  
  162  12:43  Carrier (Chrono Boost)  
  137  13:10  Carrier (Chrono Boost)  
  137  13:11  Zealot x4  
  137  13:12  Zealot x5  
  143  13:25  High Templar x3  
  143  13:26  Carrier (Chrono Boost)  
  151  13:32  Probe x2  
  153  13:36  Unknown  
  153  13:37  Carrier (Chrono Boost)  
  155  13:44  Zealot  
  157  13:52  Protoss Air Weapons Level 2 (Chrono Boost)  
  157  13:56  Carrier (Chrono Boost)  
  157  13:59  Shield Battery  
  163  14:03  Zealot x6  
  163  14:06  Photon Cannon  
  175  14:14  Zealot x4  
  169  14:20  Zealot x2  
  125  14:37  High Templar x5  
  125  14:38  High Templar x3  
  139  14:41  Archon x2  
  139  14:42  Archon x2  
  103  15:12  Probe x2  
  103  15:13  Carrier x2 (Chrono Boost), Probe  
  106  15:14  Probe  
  106  15:20  Zealot  
  121  15:22  Zealot x4  
  129  15:31  Forge  
  129  15:33  Pylon x2  
  129  15:34  Templar Archives  
  129  15:37  Zealot x3  
  129  15:40  Pylon  
  127  15:48  Zealot x4  
Tags
 
Add a new tag
Caveats
  • Supply blocks, unpowered buildings, or Contaminate may cause inaccurate times.
  • Supply counts are checked every 10 seconds.